AoeStats
← TEKILLA

Fortress

510819368Analyzed
1v1 RM · 11h ago on Oct 2, 2026· 83m 7s· 2 players
Game mode
Random Map
Map size
Small (3 player)
Population
200
Speed
Normal
Resources
Standard
Victory
Conquest
Starting age
Dark Age
Ending age
Imperial Age
RankedLock teamsTeams togetherTeam positionsShared explorationLock speedFull tech treeHidden civsTurbo modeCheats
Victory
Defeat
🇺🇸 Ethiopians · United States
813
+15
🇩🇪 Franks · Germany
782
-15
TEKILLA
9:22 Feudal Age
11:29 Scale Barding Armor
12:28 Forging
12:26 Double-Bit Axe
12:44 Arson
14:49 Wheelbarrow
16:31 Castle Age
14:40 Gold Mining
15:07 Stone Mining
16:30 Scale Mail Armor
20:32 Chain Barding Armor
21:05 Husbandry
24:16 Chain Mail Armor
27:48 Iron Casting
27:56 Bow Saw
28:55 Squires
34:55 Imperial Age
34:35 Gold Shaft Mining
34:18 Fletching
36:37 Cavalier
37:29 Elite Throwing Axeman
42:10 Plate Barding Armor
43:02 Plate Mail Armor
48:57 Blast Furnace
50:04 Hand Cart
51:53 Ballistics
53:45 Paladin
55:20 Paladin
56:48 Bodkin Arrow
57:21 Town Watch
58:14 Light Cavalry
71:27 Conscription
XxAn0nym0us7xX
7:05 Feudal Age
5:25 Loom
10:47 Castle Age
11:25 Fletching
11:37 Padded Archer Armor
12:05 Double-Bit Axe
14:06 Crossbowman
16:47 Squires
18:19 Gold Mining
20:32 Horse Collar
22:42 Ballistics
22:28 Scale Mail Armor
23:13 Arson
25:51 Thumb Ring
26:40 Murder Holes
29:16 Forging
29:12 Stone Mining
29:54 Bodkin Arrow
34:08 Iron Casting
33:48 Chain Mail Armor
34:37 Leather Archer Armor
36:50 Bow Saw
40:25 Imperial Age
39:14 Royal Heirs
44:24 Wheelbarrow
44:43 Arbalester
50:23 Blast Furnace
50:32 Chemistry
49:40 Bracer
51:16 Elite Shotel Warrior
60:28 Hand Cart
62:26 Torsion Engines
64:59 Halberdier
69:52 Town Watch
71:35 Two-Man Saw
74:58 Town Patrol
76:48 Fortified Wall
76:44 Siege Engineers
Connection lost

Rejoining the realm…

Still unreachable

The connection could not be restored.

Session expired

The server has moved on; the page needs a fresh start.